 Dungeon Crawl Stone Soup version 0.31-a0-1628-gdde2bdd (webtiles) character file.

Game seed: 10564790893931583461

30 PidgeyThePirate the Trooper (level 3, -1/29 HPs)
             Began as a Demonspawn Monk on Jan 12, 2024.
             Slain by Sigmund
             ... wielding a +0 scythe
              (4 damage)
             ... on level 2 of the Dungeon.
             The game lasted 00:02:20 (1113 turns).

PidgeyThePirate the Trooper (Demonspawn Monk)       Turns: 1113, Time: 00:02:21

Health: -1/29      AC:  3    Str: 11    XL:     3   Next: 5%
Magic:  3/3        EV: 12    Int: 12    God:
Gold:   85         SH:  0    Dex: 15    Spells: 2/2 levels left

rFire   . . .        a - +0 short sword
rCold   + . .        d - orb {light}
rNeg    . . .        g - +0 leather armour
rPois   .            (no helmet)
rElec   .            (no cloak)
rCorr   .            (no gloves)
SInv    .            (no boots)
Will    .....        (no amulet)
Stlth   +            e - ring of protection from cold
HPRegen 0.24/turn    (no ring)
MPRegen 0.08/turn

%: no passive effects
@: glowing
A: demonic magic 2
a: no special abilities


You were on level 2 of the Dungeon.
You visited 1 branch of the dungeon, and saw 2 of its levels.

You collected 85 gold pieces.

Inventory:

Hand Weapons
 a - a +0 short sword (weapon)
Armour
 b - a +0 robe
 d - an orb of light (worn)
 g - a +0 leather armour (worn)
Jewellery
 e - a ring of protection from cold (left hand)
Scrolls
 h - a scroll of fear {unknown}
 i - 2 scrolls of immolation {unknown}
Potions
 j - a potion of heal wounds {unknown}


   Skills:
 + Level 3.3 Fighting
 * Level 3.2 Short Blades
 + Level 2.9 Dodging
 * Level 1.1 Invocations


You had 2 spell levels left.
You didn't know any spells.
Your spell library contained the following spells:

 Spells                   Type           Power      Damage    Failure   Level
 Magic Dart               Conj           0%         1d3       41%         1
 Blink                    Tloc           0%         N/A       54%         2
 Call Imp                 Summ           0%         N/A       54%         2


Dungeon Overview and Level Annotations

Branches:
Dungeon (2/15)

Altars:

Shops:
D:1 :

Annotations:
D:2 Sigmund


Innate Abilities, Weirdness & Mutations

Spells you cast may paralyse nearby enemies.


Message History

Sigmund is heavily wounded.
Sigmund barely misses you.
You aren't carrying any items that you can evoke.
Okay, then.
You feel better. Sigmund hits you with a +0 scythe!
You hit Sigmund.
Sigmund is heavily wounded.
You hit Sigmund but do no damage.
Sigmund is heavily wounded.
Sigmund barely misses you.
You hit Sigmund but do no damage.
Sigmund is heavily wounded.
You barely miss Sigmund.
Sigmund is heavily wounded.
Sigmund points at you and mumbles some strange words.
The magic dart hits you.
You barely miss Sigmund.
Sigmund is heavily wounded.
Sigmund closely misses you.
You hit Sigmund but do no damage.
Sigmund is heavily wounded.
You hit Sigmund but do no damage.
Sigmund is heavily wounded.
Sigmund casts a spell at you. The puff of flame hits you.
* * * LOW HITPOINT WARNING * * *
You hit Sigmund.
Sigmund is heavily wounded.
Sigmund hits you with a +0 scythe.
* * * LOW HITPOINT WARNING * * *
You hit Sigmund.
Sigmund is severely wounded.
You completely miss Sigmund.
Sigmund is severely wounded.
Sigmund barely misses you.
You hit Sigmund but do no damage.
Sigmund is severely wounded.
Sigmund hits you with a +0 scythe.
You die...
Sigmund begins carving another notch in his scythe.

...# ##.###### #### ...#
#.##...##?..## ...#
#......<.....##. ...#
##.....>........
...#########..............#
...#................!...!#
...###########..........##
...# ##....#...## ...#
##@..##### ...# #.@..##
...# #...#.## ...###
#..###.. ...#.# #.. ##.
..##.# #. .# ..##.# . .#
#....## .# ####..##


You could see Sigmund.

Vanquished Creatures
  An adder (D:2)
  A dart slug (D:1)
  An endoplasm (D:1)
  3 giant cockroaches (D:1)
  A goblin (D:1)
  2 hobgoblins (D:1)
  2 kobolds (D:1)
  2 ball pythons (D:1)
  3 bats (D:1)
  A frilled lizard (D:1)
  2 rats (D:1)
19 creatures vanquished.

Notes
Turn   | Place    | Note
-------+----------+-------------------------------------------
     0 | D:1      | PidgeyThePirate the Demonspawn Monk began the quest for the
                  | Orb.
     0 | D:1      | Reached XP level 1. HP: 18/18 MP: 1/1
   298 | D:1      | Found a faded altar of an unknown god.
   311 | D:1      | Gained mutation: Spells you cast may paralyse adjacent
                  | enemies. [demonic ancestry]
   311 | D:1      | Reached XP level 2. HP: 19/24 MP: 2/2
   440 | D:1      | Found Vuyf's Book Emporium.
   582 | D:1      | Reached skill level 1 in Invocations
   845 | D:2      | Gained mutation: Spells you cast may paralyse nearby
                  | enemies. [demonic ancestry]
   845 | D:2      | Reached XP level 3. HP: 25/29 MP: 3/3
   969 | D:2      | Noticed Sigmund
  1113 | D:2      | Slain by Sigmund

Illustrated notes

Levels and vault maps discovered:
D:1:      denvon_arrival_planthouse, layout_loops_ring,
          dreamdust_ecumenical_altar_grove, serial_shops,
          nicolae_book_shop_shelving, minmay_worlds_worst_comb
D:2:      layout_rooms, serial_co_window_serial, co_window_paths_a,
          co_window_corner_a, co_window_paths_b, co_window_cross_1,
          co_window_corner_a, co_window_paths_b, co_window_corner_ca,
          co_window_broadway_b, co_window_broadway_b, co_window_broadway_b,
          co_window_broadway_c, co_window_corner_cb, co_window_paths_d,
          glass_columns_a, uniq_sigmund

Skill      XL: |  1  2 |
---------------+-------+-----
Short Blades   | 3 |  3.2
Invocations    | 1 |  1.1
Fighting       | |  3.3
Dodging        | |  2.9

Action                     || total
---------------------------++-------
  Melee: Short sword       ||    88
    Use: Potion            ||     4
 Armour: Robe              ||    22
         Leather armour    ||    29
  Dodge: Dodged            ||    46

Table legend: (Time is in decaauts)
 A = Elapsed time spent in this place.
 B = Non-inter-level travel time spent in this place.
 C = Inter-level travel time spent in this place.
 D = Time resting spent in this place.
 E = Time spent auto-exploring this place.
 F = Levels seen in this place.
 G = Mean time per level.
                   A        B        C        D        E       F      G
               +--------+--------+--------+--------+--------+-----+--------+
         Total |   1099 |   1084 |     15 |      0 |    865 |   2 |  549.5 |
       Dungeon |   1099 |   1084 |     15 |      0 |    865 |   2 |  549.5 |
               +--------+--------+--------+--------+--------+-----+--------+

Top non-repeatable levels by time:
     D:1: 806 daAuts
     D:2: 293 daAuts
